 Dungeon Crawl Stone Soup version 0.29.1-12-g30fa7ad0bf (webtiles) character file.

Game seed: 18299297863831423773

34 KittyFluff the Trooper (level 3, -1/23 HPs)
             Began as a Gargoyle Berserker on Jan 14, 2023.
             Was a Follower of Trog.
             Slain by Natasha (2 damage)
             ... on level 2 of the Dungeon.
             The game lasted 00:03:04 (1115 turns).

KittyFluff the Trooper (Gargoyle Berserker)         Turns: 1115, Time: 00:03:05

Health: -1/23      AC:  5    Str: 20    XL:     3   Next: 31%
Magic:  3/3        EV: 12    Int:  7    God:    Trog [*.....]
Gold:   50         SH:  0    Dex: 11    Spells: 2/2 levels left

rFire   . . .      SeeInvis .   a - +0 mace
rCold   . . .      Faith    .   (no shield)
rNeg    + . .      Spirit   .   b - +0 animal skin
rPois   ∞          Reflect  .   (no helmet)
rElec   +          Harm     .   (no cloak)
rCorr   .          Rampage  .   (no gloves)
Will    .....                   (no boots)
Stlth   +.........              (no amulet)
HPRegen 0.07/turn               (no ring)
MPRegen 0.08/turn               (no ring)

@: no status effects
A: sickness immunity, AC +3, negative energy resistance 1, electricity
resistance, torment resistance 1, petrification resistance
a: Renounce Religion, Berserk


You were on level 2 of the Dungeon.
You worshipped Trog.
Trog was aware of your devotion.
You visited 1 branch of the dungeon, and saw 2 of its levels.

You collected 50 gold pieces.

Inventory:

Hand Weapons
 a - a +0 mace (weapon)
Missiles
 j - 12 stones (quivered)
Armour
 b - a +0 animal skin (worn)
 g - a +0 scale mail
 k - a +0 ring mail
Scrolls
 c - a scroll of identify {unknown}
 e - a scroll of enchant armour {unknown}
 f - 3 scrolls of enchant weapon {unknown}
 h - a scroll of torment {unknown}
 i - a scroll of magic mapping {unknown}
Potions
 d - a potion of lignification {unknown}


   Skills:
 + Level 3.5 Fighting
 * Level 3.4 Maces & Flails
 * Level 2.9 Armour
 + Level 1.9 Dodging


You had 2 spell levels left.
You didn't know any spells.
Your spell library was empty.

Dungeon Overview and Level Annotations

Branches:
Dungeon (2/15)

Altars:

Annotations:
D:2 Natasha


Innate Abilities, Weirdness & Mutations

You are immune to sickness and miasma.
Your stone body is resilient. (AC +3)
You are immune to poison.
You resist negative energy. (rN+)
You are resistant to electric shocks. (rElec)
You are resistant to unholy torment.
You are immune to petrification.


Message History

You kill the kobold!
Trog accepts your kill.
Things that are here:
a +0 short sword; 5 stones You start resting.
HP restored.
j - 5 stones
Found a ring mail.
An endoplasm comes into view.
The endoplasm quivers.
The endoplasm hits you but does no damage.
You hit the endoplasm but do no damage. The endoplasm misses you.
You hit the endoplasm.
The endoplasm is moderately wounded.
The endoplasm barely misses you. The endoplasm closely misses you.
You sock the endoplasm!
You kill the endoplasm!
Trog accepts your kill.
You see here a +0 ring mail.
k - a +0 ring mail
Found 7 stones.
j - 12 stones (gained 7)
You open the door.
Found a ring mail.
There is an open door here.
There is an open door here.
Natasha, Servant of Life and Death comes into view.
You completely miss Natasha. Natasha claws you.
You sock Natasha!
Natasha is heavily wounded.
Natasha claws you.
You hit Natasha.
Natasha is severely wounded.
Natasha claws you!
* * * LOW HITPOINT WARNING * * *
Natasha claws you.
* * * LOW HITPOINT WARNING * * *
You closely miss Natasha.
Natasha is severely wounded.
Natasha claws you.
You die...

#.# ##.## #.# #####.####
##...## #.# #........#
#.....# #.#
#.###.##.####...#########.#
#.# #..>..####.#..........#
#.# ####.........##########
#.# #.#####.### #.######.#
#.# #........# #@#
########## #h# #.# ..# #.#
... ... ...


You could see Natasha.

Vanquished Creatures
  A worm (D:2)
  4 ball pythons (D:1)
  2 bats (D:1)
  4 endoplasms
  A giant cockroach (D:1)
  2 goblins (D:1)
  3 hobgoblins (D:1)
  3 jackals (D:1)
  4 kobolds
  A quokka (D:2)
  A rat (D:1)
26 creatures vanquished.

Notes
Turn   | Place    | Note
-------+----------+-------------------------------------------
     0 | D:1      | KittyFluff the Gargoyle Berserker began the quest for the
                  | Orb.
     0 | D:1      | Reached XP level 1. HP: 14/14 MP: 1/1
     2 | D:1      | Noticed an elf
     2 | D:1      | Noticed a tengu
     4 | D:1      | Noticed a formicid
     6 | D:1      | Noticed a merfolk
     6 | D:1      | Noticed a vine stalker
     8 | D:1      | Noticed a draconian
    10 | D:1      | Noticed a minotaur
    10 | D:1      | Noticed a demigod
    12 | D:1      | Noticed a vampire
    12 | D:1      | Noticed a felid
    14 | D:1      | Noticed a spriggan
    14 | D:1      | Noticed a naga
    16 | D:1      | Noticed a troll
    16 | D:1      | Noticed a ghoul
    18 | D:1      | Noticed a human
    18 | D:1      | Noticed a gargoyle
    20 | D:1      | Noticed a meteoran
    22 | D:1      | Noticed a palentonga
    22 | D:1      | Noticed a demonspawn
    24 | D:1      | Noticed an ogre
    24 | D:1      | Noticed a formicid
    26 | D:1      | Noticed a gargoyle
    26 | D:1      | Noticed a vine stalker
   230 | D:1      | Reached XP level 2. HP: 16/19 MP: 2/2
   856 | D:1      | Reached XP level 3. HP: 20/23 MP: 3/3
   898 | D:1      | You fall into a shaft and drop 1 floor!
  1109 | D:2      | Noticed Natasha
  1114 | D:2      | HP: 1/23 [Natasha (5)]
  1115 | D:2      | Slain by Natasha

Illustrated notes

Levels and vault maps discovered:
D:1:      kb_arrival_jail, layout_basic, ebering_ecumenical_altar_webs
D:2:      layout_loops_corners, minmay_misc_feat_pillars, uniq_natasha,
          uniq_robin

Action                   || total
-------------------------++-------
Melee: Mace              ||    94
       Punch             ||     2
Armor: Animal skin       ||    51
Dodge: Dodged            ||    83
